 Dungeon Crawl Stone Soup version 0.14-a0-1444-g21dc12d (webtiles) character file.

86 PolkaDot the Cutter (level 3, -5/27 HPs)
             Began as a Vampire Death Knight on Dec 13, 2013.
             Was a Believer of Yredelemnul.
             Slain by a worm (12 damage)
             ... on Level 2 of the Dungeon.
             The game lasted 00:04:34 (1059 turns).

PolkaDot the Cutter (Vampire Death Knight)          Turns: 1059, Time: 00:04:34

HP  -5/27        AC  1     Str 12      XL: 3   Next: 53%
MP   4/4         EV 10     Int 12 (13) God: Yredelemnul [**....]
Gold 37          SH  0     Dex 14      Spells:  0 memorised,  2 levels left

rFire  + . .     SeeInvis +     a - +1 short sword
rCold  . . .     Clarity  .     b - +0 leather armour
rNeg   . . .     Conserve .     (no shield)
rPois  .         rCorr    .     (no helmet)
rElec  .         rRot     .     (no cloak)
SustAb + .       Spirit   .     (no gloves)
rMut   .         Warding  .     (no boots)
Saprov . . .     Stasis   .     (no amulet)
                                f - ring of protection from fire {unknown}
                                c - ring of sustain abilities {unknown}

@: regenerating quickly, invisible, very slightly contaminated, slightly
resistant to hostile enchantments, unstealthy
A: fangs 3, see invisible, deformed body, mutation resistance 1, unbreathing
a: Animate Remains, Recall Undead Slaves, Injury Mirror, Renounce Religion


You were on level 2 of the Dungeon.
You worshipped Yredelemnul.
Yredelemnul was pleased with you.
You were very full.

You visited 1 branch of the dungeon, and saw 2 of its levels.

You collected 37 gold pieces.

Inventory:

Hand weapons
 a - a +1,+1 short sword (weapon)
Armour
 b - a +0 leather armour (worn)
Scrolls
 e - 2 scrolls of fear {unknown}
 g - a scroll of remove curse {unknown}
 i - a scroll of amnesia {unknown}
 k - a scroll of fog {unknown}
 l - a scroll of enchant weapon II {unknown}
Jewellery
 c - a ring of sustain abilities (left hand) {unknown}
 f - a ring of protection from fire (right hand) {unknown}
Potions
 h - a potion of magic {unknown}
 j - a potion of heal wounds {unknown}
 m - a potion of invisibility


   Skills:
 + Level 2.2 Fighting
 * Level 4.0 Short Blades
 - Level 0.7 Armour
 - Level 1.1 Dodging
 - Level 2.4 Invocations


You had 2 spell levels left.
You didn't know any spells.

Dungeon Overview and Level Annotations

Branches:
Dungeon (2/16)

Altars:

Annotations:
D:2 Jessica


Innate Abilities, Weirdness & Mutations

Your natural rate of healing is unusually fast.
You have razor-sharp teeth.*
You have supernaturally acute eyesight.
You can survive without breathing.*
Armour fits poorly on your strangely shaped body.*
You are somewhat resistant to further mutation.+


Message History

The worm bites you.
You barely miss the worm.
The worm is lightly wounded.
The worm bites you.
You hit the worm.
The worm is lightly wounded.
You hit the worm. You bite the worm.
The worm is heavily wounded.
The worm bites you!
* * * LOW HITPOINT WARNING * * *
Drink which item? (? for menu, Esc to quit)
You feel better.
Drink which item? (? for menu, Esc to quit)
You feel better. The worm bites you!
* * * LOW HITPOINT WARNING * * *
Drink which item? (? for menu, Esc to quit)
You fade into invisibility!
It was a potion of invisibility.
The worm bites you!
You die...
Yredelemnul claims you as an undead slave.

#.......#
#.......#
#.......#
###z##### #.#
# #z# #.. #.#
#....
#)#####.......
#.zz@w........
#.####........
.... .......
...... #.#...#
######.# .#
... .# .# . ..
. . .


You could see a worm, a friendly giant newt skeleton and a friendly goblin
skeleton.

Vanquished Creatures
  An adder (D:2)
  An ooze (D:1)
  2 ball pythons (D:2)
  A giant cockroach (D:1)
  7 hobgoblins
  8 bats
  4 giant newts
  7 goblins
  A kobold (D:2)
  6 rats
38 creatures vanquished.

Vanquished Creatures (others)
  A bat skeleton (D:2)
  A bush (D:1)
2 creatures vanquished.

Grand Total: 40 creatures vanquished

Notes
Turn   | Place    | Note
--------------------------------------------------------------
     0 | D:1      | PolkaDot, the Vampire Death Knight, began the quest for the Orb.
     0 | D:1      | Reached XP level 1. HP: 16/16 MP: 1/1
   207 | D:1      | Reached XP level 2. HP: 19/22 MP: 2/2
   214 | D:1      | Reached skill level 3 in Short Blades
   641 | D:1      | Acquired Yredelemnul's second power
   853 | D:2      | Reached XP level 3. HP: 19/27 MP: 4/4
   898 | D:2      | Gained mutation: Armour fits poorly on your strangely shaped body. [potion of mutation]
   898 | D:2      | Gained mutation: You are somewhat resistant to further mutation. [potion of mutation]
  1005 | D:2      | Reached skill level 4 in Short Blades
  1027 | D:2      | Noticed Jessica
  1059 | D:2      | Slain by a worm

Action                   || total
-------------------------++-------
Melee: Short sword       ||   279
Invok: Animate Remains   ||     3
  Use: Potion            ||     5
 Stab: Sleeping          ||     2
       Invisible         ||     1
